Map: Bel'Shir Vestige LE (Void)

Players

Harstem

  • Race: Protoss Protoss
  • Spawn Location: 11:00

JonSnow - Winner!

  • Race: Zerg Zerg
  • Spawn Location: 5:00

Event: WCS Austin 2017

VOD

Have the link to the VOD?

Description

Time

  • Played on: April 28, 2017, 10:06 p.m.
  • Length: 15:00

All games in this series

Show
View Real Time Build Order
Export as new Build Order

Harstem Protoss 

Build Orders: Oracle Opening 

Get SALT Encoding   

  12  0:00  Probe (Chrono Boost)  
  13  0:11  Probe (Chrono Boost)  
  14  0:19  Pylon  
  14  0:22  Probe (Chrono Boost)  
  15  0:38  Probe (Chrono Boost)  
  15  0:41  Gateway  
  16  0:48  Probe (Chrono Boost)  
  16  0:49  Assimilator  
  17  0:59  Probe (Chrono Boost)  
  18  1:09  Probe (Chrono Boost)  
  19  1:20  Probe (Chrono Boost)  
  20  1:25  Zealot  
  20  1:28  Cybernetics Core  
  20  1:30  Pylon  
  23  1:33  Probe (Chrono Boost)  
  23  1:53  Zealot  
  24  1:55  Nexus  
  26  2:08  Probe (Chrono Boost)  
  26  2:09  Assimilator  
  26  2:15  Warp Gate  
  25  2:18  Pylon  
  25  2:19  Probe (Chrono Boost)  
  27  2:30  Probe (Chrono Boost)  
  27  2:35  Stargate  
  27  2:37  Adept  
  27  2:42  Probe (Chrono Boost)  
  30  2:54  Probe (Chrono Boost)  
  31  3:04  Probe (Chrono Boost)  
  32  3:08  Probe (Chrono Boost)  
  33  3:14  Oracle  
  33  3:15  Probe (Chrono Boost)  
  38  3:20  Probe (Chrono Boost)  
  38  3:25  Probe (Chrono Boost)  
  38  3:26  Gateway  
  39  3:30  Gateway  
  39  3:31  Probe (Chrono Boost)  
  40  3:38  Probe (Chrono Boost)  
  41  3:41  Probe (Chrono Boost)  
  41  3:44  Twilight Council  
  43  3:49  Probe (Chrono Boost)  
  43  3:50  Oracle  
  43  3:53  Probe (Chrono Boost)  
  47  3:59  Pylon  
  47  4:00  Probe (Chrono Boost)  
  48  4:05  Probe (Chrono Boost)  
  49  4:10  Probe (Chrono Boost)  
  51  4:17  Probe (Chrono Boost)  
  51  4:22  Resonating Glaives  
  51  4:30  Probe (Chrono Boost)  
  52  4:35  Probe (Chrono Boost)  
  52  4:40  Pylon  
  52  4:43  Probe (Chrono Boost)  
  53  4:46  Nexus  
  53  4:49  Adept x3  
  53  4:50  Probe (Chrono Boost), Pylon  
  60  4:55  Probe (Chrono Boost)  
  60  4:59  Pylon  
  61  5:00  Probe (Chrono Boost)  
  61  5:05  Robotics Facility  
  63  5:07  Probe (Chrono Boost)  
  63  5:12  Adept x2  
  68  5:16  Adept  
  68  5:19  Probe (Chrono Boost)  
  68  5:20  Assimilator  
  70  5:21  Probe (Chrono Boost)  
  70  5:22  Assimilator  
  71  5:31  Probe (Chrono Boost)  
  71  5:32  Probe (Chrono Boost), Adept  
  71  5:33  Adept  
  77  5:37  Adept  
  77  5:42  Mothership Core (Chrono Boost), Pylon  
  81  5:47  Probe (Chrono Boost)  
  82  5:50  Warp Prism  
  84  5:57  Zealot, Sentry  
  84  5:58  Zealot  
  84  5:59  Probe (Chrono Boost)  
  84  6:00  Probe x2 (Chrono Boost)  
  92  6:11  Probe (Chrono Boost)  
  92  6:13  Probe (Chrono Boost)  
  81  6:20  Probe (Chrono Boost), Adept x2  
  81  6:23  Immortal, Probe (Chrono Boost)  
  81  6:24  Probe (Chrono Boost)  
  82  6:31  Probe (Chrono Boost)  
  87  6:33  Pylon  
  87  6:34  Probe (Chrono Boost), Sentry  
  87  6:35  Probe (Chrono Boost)  
  89  6:42  Probe (Chrono Boost), Adept x2  
  89  6:45  Probe (Chrono Boost)  
  96  6:47  Probe (Chrono Boost)  
  96  6:52  Probe (Chrono Boost)  
  97  6:56  Probe (Chrono Boost)  
  97  6:59  Gateway, Charge  
  97  7:00  Probe (Chrono Boost)  
  99  7:01  Gateway  
  99  7:05  Assimilator, Forge  
  99  7:07  Assimilator  
  100  7:11  Adept x3  
  105  7:18  Probe (Chrono Boost)  
  103  7:27  Probe (Chrono Boost)  
  103  7:28  Probe (Chrono Boost)  
  105  7:32  Templar Archives, Pylon, Phoenix  
  105  7:35  Gateway  
  107  7:37  Gateway  
  107  7:39  Pylon  
  107  7:41  Gateway  
  107  7:47  Probe (Chrono Boost)  
  104  7:58  Zealot x3  
  112  8:00  Immortal  
  112  8:03  Robotics Facility, Psionic Storm  
  114  8:11  Photon Cannon  
  114  8:16  Gateway  
  114  8:19  High Templar x2  
  118  8:20  High Templar  
  118  8:23  Probe (Chrono Boost), Pylon  
  118  8:25  Pylon x2  
  119  8:31  Photon Cannon  
  120  8:35  Probe (Chrono Boost)  
  120  8:38  High Templar, Immortal  
  120  8:45  Pylon  
  120  8:48  Pylon  
  120  8:52  Protoss Ground Weapons Level 1  
  120  8:56  Zealot x2  
  120  8:59  Zealot  
  120  9:00  Immortal  
  124  9:04  High Templar  
  124  9:05  Probe (Chrono Boost)  
  131  9:12  Immortal  
  131  9:14  Probe (Chrono Boost)  
  131  9:16  Photon Cannon  
  132  9:17  High Templar  
  132  9:18  High Templar, Zealot x2  
  132  9:22  Archon  
  132  9:23  Pylon  
  144  9:32  Zealot x2  
  146  9:41  Immortal  
  140  9:47  Nexus  
  140  9:51  Pylon  
  144  9:56  Pylon  
  142  10:02  Zealot x5  
  151  10:09  Zealot x3  
  151  10:10  Zealot  
  151  10:14  Immortal  
  149  10:17  Warp Prism  
  145  10:27  Phoenix  
  137  10:30  Nexus  
  137  10:32  Zealot  
  137  10:33  High Templar x2  
  137  10:34  High Templar x2  
  137  10:35  High Templar x2  
  153  10:39  Pylon  
  153  10:40  Archon  
  153  10:44  Zealot x2  
  153  10:49  Archon  
  149  10:50  Archon  
  147  10:57  Phoenix  
  147  10:58  Photon Cannon  
  147  11:00  Photon Cannon  
  147  11:01  Photon Cannon  
  146  11:13  High Templar x2, Zealot x4  
  156  11:19  Archon  
  156  11:22  Zealot x3  
  144  11:33  Zealot  
  144  11:34  Zealot x2  
  144  11:37  High Templar  
  148  11:43  Immortal  
  148  11:45  Zealot x3  
  148  11:46  Zealot  
  156  11:48  High Templar  
  154  11:58  High Templar x2  
  142  12:08  High Templar x2, Zealot x3  
  144  12:13  Archon  
  150  12:31  Zealot  
  150  12:34  Zealot  
  150  12:39  Fleet Beacon  
  150  12:41  Stargate, Nexus  
  150  12:48  Warp Prism  
  150  12:49  High Templar x2  
  150  12:50  High Templar  
  158  13:00  Nexus  
  158  13:02  Sentry  
  158  13:03  Zealot  
  158  13:04  Zealot  
  164  13:08  Sentry, Zealot  
  162  13:27  Pylon  
  156  13:35  Tempest  
  156  13:38  Zealot  
  165  13:50  Probe x2 (Chrono Boost)  
  164  14:03  Zealot  
  164  14:04  Zealot  
  164  14:09  Stargate  
  150  14:12  Zealot x4  
  150  14:14  Tempest  
  146  14:24  Gateway  
  146  14:30  Zealot x3  
  108  14:54  Zealot x2  
Show
View Real Time Build Order
Export as new Build Order

JonSnow Zerg - Winner!

Build Orders: Pool First 

Get SALT Encoding   

  12  0:00  Drone  
  13  0:12  Overlord  
  13  0:17  Drone  
  14  0:30  Drone x2  
  14  0:34  Drone  
  17  0:42  Extractor  
  16  0:45  Drone  
  17  0:50  Spawning Pool  
  17  0:56  Drone  
  17  1:08  Drone  
  18  1:23  Hatchery  
  17  1:28  Drone  
  18  1:37  Queen  
  20  1:43  Metabolic Boost  
  20  1:46  Zergling x2  
  21  1:54  Overlord  
  21  1:55  Drone  
  22  2:15  Queen  
  22  2:21  Drone x3  
  27  2:40  Hatchery  
  26  2:48  Drone x3  
  26  2:49  Drone x2  
  31  2:55  Drone x2  
  33  3:02  Overlord  
  33  3:03  Drone  
  34  3:06  Drone  
  34  3:12  Zergling x2  
  36  3:19  Overlord  
  36  3:21  Queen  
  38  3:30  Drone x6, Evolution Chamber  
  38  3:32  Drone  
  44  3:35  Spore Crawler  
  44  3:38  Spore Crawler  
  44  3:39  Drone  
  43  3:42  Drone  
  45  3:48  Drone  
  45  3:53  Spore Crawler  
  45  3:54  Queen  
  46  4:00  Drone x3  
  49  4:05  Zerg Melee Weapons Level 1  
  49  4:06  Drone x2  
  51  4:12  Drone x3  
  51  4:14  Drone x2  
  56  4:24  Zergling x6  
  57  4:38  Overlord  
  57  4:42  Overlord, Baneling Nest  
  57  4:43  Overlord  
  56  4:47  Overlord  
  56  4:49  Drone  
  56  4:52  Overlord x2  
  57  4:56  Extractor  
  57  4:58  Zergling x16  
  64  5:01  Zergling x6  
  64  5:02  Zergling x2  
  68  5:10  Baneling Nest  
  68  5:12  Zergling x8  
  68  5:13  Zergling x2  
  73  5:17  Zergling x2  
  73  5:19  Lair  
  74  5:23  Drone x2  
  74  5:27  Drone  
  74  5:28  Drone x3  
  79  5:31  Drone x3  
  82  5:36  Drone  
  83  5:43  Zergling x2  
  83  5:44  Zergling x2, Baneling  
  83  5:45  Baneling x2  
  83  5:48  Drone x2  
  87  5:51  Zergling x8, Baneling x3  
  87  5:55  Extractor  
  87  5:56  Zergling x2  
  91  5:57  Extractor  
  91  6:01  Zergling x8  
  93  6:11  Hatchery  
  81  6:19  Drone x9  
  81  6:21  Hydralisk Den  
  81  6:22  Drone  
  81  6:24  Drone, Zerg Missile Weapons Level 1  
  87  6:27  Hatchery  
  87  6:28  Drone  
  87  6:31  Drone  
  88  6:33  Extractor  
  88  6:34  Extractor  
  88  6:36  Drone  
  88  6:37  Drone x4  
  91  6:44  Centrifical Hooks  
  90  6:50  Zergling x6  
  93  6:54  Zergling x6  
  93  6:57  Overlord  
  93  6:58  Overlord  
  96  7:15  Drone x6  
  101  7:22  Drone x3  
  99  7:23  Drone  
  99  7:24  Muscular Augments  
  99  7:28  Extractor, Spore Crawler  
  97  7:32  Extractor  
  97  7:35  Hydralisk x7  
  110  7:39  Overlord  
  110  7:42  Drone x3  
  110  7:43  Drone  
  110  7:46  Drone x3  
  110  7:49  Drone  
  112  7:52  Spore Crawler  
  112  7:53  Spore Crawler  
  112  7:54  Drone x2  
  112  7:55  Drone x2  
  114  7:59  Hydralisk x3  
  114  8:02  Zergling x8  
  124  8:10  Zergling x8  
  124  8:11  Zergling x4  
  130  8:12  Baneling  
  130  8:13  Baneling x3  
  130  8:15  Zergling x2  
  130  8:16  Zergling x2  
  130  8:18  Zerg Melee Weapons Level 2  
  130  8:19  Hydralisk x3  
  136  8:23  Baneling x4  
  138  8:35  Zergling x8  
  138  8:37  Overlord x5  
  142  8:42  Baneling x9  
  142  8:51  Overlord  
  142  8:54  Baneling x5  
  142  8:55  Hydralisk x8  
  144  9:02  Baneling x8  
  159  9:05  Zergling x4  
  159  9:06  Zergling x10  
  166  9:10  Zergling x10  
  169  9:19  Zergling x2, Baneling x10  
  169  9:20  Zergling x2  
  171  9:24  Zergling x2  
  171  9:25  Zergling x8  
  169  9:34  Zergling x20  
  169  9:37  Hatchery  
  168  9:45  Infestation Pit  
  168  9:48  Spire  
  168  9:49  Drone x3  
  169  9:54  Zergling x6  
  169  9:55  Zergling x18  
  169  9:56  Baneling  
  169  9:57  Baneling x4  
  180  10:02  Zergling x10  
  157  10:29  Hive  
  157  10:30  Drone  
  157  10:31  Drone x2  
  157  10:32  Zergling x34  
  176  10:41  Zergling x8  
  180  10:43  Baneling x5  
  180  10:44  Baneling x2  
  180  10:49  Spine Crawler  
  177  10:53  Baneling x14  
  177  10:55  Zerg Ground Armor Level 1  
  177  10:57  Zergling x8  
  167  11:12  Zergling x14  
  167  11:18  Zergling x14  
  167  11:26  Zergling x2  
  167  11:27  Zergling x10  
  164  11:34  Zergling x8  
  164  11:35  Zergling x4  
  146  11:49  Adrenal Glands, Greater Spire  
  135  11:54  Hydralisk  
  135  11:55  Hydralisk x8  
  147  12:11  Drone  
  147  12:12  Drone x5  
  147  12:14  Corruptor x3  
  147  12:15  Corruptor  
  161  12:18  Baneling x4  
  161  12:19  Baneling x3  
  161  12:23  Zergling x10  
  161  12:28  Zergling x2  
  163  12:40  Corruptor x3  
  167  12:51  Overseer  
  165  13:02  Brood Lord x3  
  165  13:03  Brood Lord  
  163  13:07  Corruptor x2  
  163  13:10  Zergling x2  
  163  13:11  Zergling x24  
  173  13:16  Brood Lord  
  173  13:18  Brood Lord  
  168  13:23  Brood Lord  
  168  13:24  Zergling x2  
  168  13:25  Zergling x4  
  173  13:32  Zergling x6  
  173  13:33  Zergling x6  
  176  13:44  Brood Lord x2  
  178  13:48  Overlord  
  178  13:56  Zergling x8  
  178  14:00  Zergling x2  
  178  14:01  Zergling x6  
  182  14:06  Corruptor  
  182  14:07  Corruptor x2  
  173  14:13  Zergling x12  
  177  14:21  Baneling x7  
  177  14:22  Baneling x3  
  171  14:29  Baneling x2  
  171  14:31  Zergling x12  
  165  14:41  Zergling x6  
Tags
 
Add a new tag
Caveats
  • Supply blocks, unpowered buildings, or Contaminate may cause inaccurate times.
  • Supply counts are checked every 10 seconds.